 Dungeon Crawl Stone Soup version 0.29-a0-323-g050149af67 (webtiles) character file.

Game seed: 7098395041480823870

317 spaghetti the Conjurer (level 6, -5/49 HPs)
             Began as a Naga Fire Elementalist on Apr 11, 2022.
             Was a Believer of Sif Muna.
             Slain by a yak (9 damage)
             ... on level 4 of the Dungeon.
             The game lasted 00:05:42 (4250 turns).

spaghetti the Conjurer (Naga Fire Elementalist)     Turns: 4250, Time: 00:05:42

Health: -5/49      AC:  5    Str: 10    XL:     6   Next: 44%
Magic:  1/12       EV:  9    Int: 17    God:    Sif Muna [**....]
Gold:   118        SH:  3    Dex: 12    Spells: 9/13 levels left

rFire   . . .      SeeInvis +   u - +1 dagger (flame) {short}
rCold   . . .      Faith    +   s - +0 buckler
rNeg    . . .      Spirit   .   a - +0 robe
rPois   +          Reflect  .   l - +2 hat
rElec   .          Harm     .   (no cloak)
rCorr   .          Rampage  .   (no gloves)
Will    .....                   (no barding)
Stlth   ++........              m - amulet of faith {!P}
HPRegen 0.16/turn               (no ring)
MPRegen 0.13/turn               (no ring)

@: very slightly contaminated, very slow
A: AC +2, large, see invisible, deformed body, poison resistance, slowness 2,
spit poison 1, naga tail 1
a: Spit Poison, Renounce Religion, Channel Magic


You were on level 4 of the Dungeon.
You worshipped Sif Muna.
Sif Muna was pleased with you.
You visited 1 branch of the dungeon, and saw 4 of its levels.

You collected 118 gold pieces.


Innate Abilities, Weirdness & Mutations

Your serpentine skin is tough. (AC +2)
You have supernaturally acute eyesight. (SInv)
Armour fits poorly on your strangely shaped body.
Your system is resistant to poisons. (rPois)
You cover ground very slowly.
You can spit poison.
You have a snake-like lower body.


   Skills:
 - Level 1.5 Dodging
 - Level 3.0 Stealth
 - Level 4.0 Spellcasting
 * Level 4.1 Conjurations
 + Level 4.0 Fire Magic


You had 9 spell levels left.
You knew the following spells:

 Your Spells              Type           Power      Damage    Failure   Level
a - Foxfire               Conj/Fire      68%        2x1d7     3%          1
b - Conjure Flame         Conj/Fire      17%        6-21      11%         3

Your spell library contained the following spells:

 Spells                   Type           Power      Damage    Failure   Level
 Scorch                   Fire           34%        2d7       6%          2
 Inner Flame              Hex/Fire       10%        N/A       26%         3
 Flame Wave               Conj/Fire      17%        2d6       36%         4

Inventory:

Hand Weapons
 d - a +0 club {mace}
   (You took it off a kobold on level 1 of the Dungeon)
 f - a +0 dagger {short}
   (You found it on level 1 of the Dungeon)
 g - a +0 club {mace}
   (You took it off a kobold on level 1 of the Dungeon)
 i - a +0 club {mace}
   (You took it off a goblin on level 1 of the Dungeon)
 j - a +0 club {mace}
   (You took it off a kobold on level 1 of the Dungeon)
 n - a +0 dagger {short}
   (You took it off a goblin on level 1 of the Dungeon)
 q - a +0 hand axe {axe}
   (You found it on level 2 of the Dungeon)
 u - a +1 dagger of flaming (weapon) {short}
   (You took it off a goblin on level 2 of the Dungeon)
Missiles
 c - 76 stones {throwing}
 o - 5 poisoned darts {throwing}
Armour
 a - a +0 robe (worn)
 l - a +2 hat (worn)
   (You found it on level 1 of the Dungeon)
 p - a +2 kite shield
   (You found it on level 2 of the Dungeon)
 s - a +0 buckler (worn)
   (You found it on level 2 of the Dungeon)
Jewellery
 m - an amulet of faith (around neck) {!P}
   (You found it on level 1 of the Dungeon)
Wands
 k - a wand of flame (2)
   (You took it off Sigmund on level 3 of the Dungeon)
Scrolls
 h - 3 scrolls of teleportation {@r4}
 r - a scroll of brand weapon
Potions
 b - a potion of magic
 e - 2 potions of might
 t - a potion of mutation {unknown}

Dungeon Overview and Level Annotations

Branches:
Dungeon (4/15)
 Temple: D:4-7

Altars:
Sif Muna

##.#######.## #########
#.^.......... #..Y....#
#............ #.#
#..........). #.#
############# ####'#### #
#.....>.# # #...Yv..# #
#...@...# # #..ยงvยง..# #
######'####### #
#.........################
+.........................
#.........################
...........# ...........#
...........#


You could see a yak (ally target).


Message History

There is an open door here.
A yak comes into view.
A yak is nearby!
A yak is nearby!
A yak is nearby!
Unknown command.
A yak is nearby!
There is an open door here.
Casting: Foxfire (safe; 3% risk of failure)
Confirm with . or Enter, or press ? or * to list all spells.
You conjure some foxfire! ๐Ÿ˜Ž MP[-1]
You lost 1 mp, and now have 11/12 mp.
Casting: Foxfire (safe; 3% risk of failure)
Confirm with . or Enter, or press ? or * to list all spells.
You conjure some foxfire!
The foxfire hits the yak but does no damage. x2
The yak gores you! ๐Ÿ˜ฎ HP[-15] MP[-1]
You take 15 damage, and now have 34/49 hp.
MASSIVE DAMAGE!! (PAUSE)
You lost 1 mp, and now have 10/12 mp.
Casting: Foxfire (safe; 3% risk of failure)
Confirm with . or Enter, or press ? or * to list all spells.
You miscast Foxfire.
You are very lightly contaminated with residual magic.
Nothing appears to happen.
The foxfire hits the yak but does no damage.
The foxfire hits the yak.
The yak gores you. ๐Ÿ˜ฎ HP[-4] MP[-1]
You take 4 damage, and now have 30/49 hp.
You lost 1 mp, and now have 9/12 mp.
Casting: Foxfire (safe; 3% risk of failure)
Confirm with . or Enter, or press ? or * to list all spells.
You conjure some foxfire!
The yak barely misses you. ๐Ÿ˜ฎ MP[-1]
You lost 1 mp, and now have 8/12 mp.
Casting: Foxfire (safe; 3% risk of failure)
Confirm with . or Enter, or press ? or * to list all spells.
You conjure some foxfire!
The foxfire hits the yak.
The foxfire hits the yak!
The yak gores you. ๐Ÿ˜ฎ HP[-4] MP[-1]
You take 4 damage, and now have 26/49 hp.
You lost 1 mp, and now have 7/12 mp.
Casting: Foxfire (safe; 3% risk of failure)
Confirm with . or Enter, or press ? or * to list all spells.
You miscast Foxfire.
Nothing appears to happen.
The foxfire hits the yak.
The foxfire hits the yak but does no damage.
The yak gores you. ๐Ÿ˜ฎ HP[-1] MP[-1]
You take 1 damage, and now have 25/49 hp.
You lost 1 mp, and now have 6/12 mp.
Casting: Foxfire (safe; 3% risk of failure)
Confirm with . or Enter, or press ? or * to list all spells.
You conjure some foxfire!
The yak gores you.
* * * LOW HITPOINT WARNING * * *
๐Ÿ˜จ HP[-2]
You take 2 damage, and now have 23/49 hp.
Casting: Foxfire (safe; 3% risk of failure)
Confirm with . or Enter, or press ? or * to list all spells.
You conjure some foxfire!
The foxfire hits the yak.
The foxfire hits the yak but does no damage.
The yak gores you!
* * * LOW HITPOINT WARNING * * *
๐Ÿ˜จ HP[-7] MP[-1]
You take 7 damage, and now have 16/49 hp.
You lost 1 mp, and now have 5/12 mp.
Casting: Foxfire (safe; 3% risk of failure)
Confirm with . or Enter, or press ? or * to list all spells.
You conjure some foxfire!
The foxfire hits the yak but does no damage. x2
The yak closely misses you. ๐Ÿ˜จ MP[-1]
You lost 1 mp, and now have 4/12 mp.
Casting: Foxfire (safe; 3% risk of failure)
Confirm with . or Enter, or press ? or * to list all spells.
You conjure some foxfire!
The foxfire hits the yak but does no damage.
The foxfire hits the yak.
The yak gores you.
* * * LOW HITPOINT WARNING * * *
๐Ÿ˜จ HP[-1] MP[-1]
You take 1 damage, and now have 15/49 hp.
You lost 1 mp, and now have 3/12 mp.
Casting: Foxfire (safe; 3% risk of failure)
Confirm with . or Enter, or press ? or * to list all spells.
You conjure some foxfire!
The foxfire hits the yak.
The foxfire hits the yak but does no damage.
The yak gores you!
* * * LOW HITPOINT WARNING * * *
๐Ÿ˜ฑ HP[-11] MP[-1]
You take 11 damage, and now have 4/49 hp.
MASSIVE DAMAGE!! (PAUSE)
You lost 1 mp, and now have 2/12 mp.
Casting: Foxfire (safe; 3% risk of failure)
Confirm with . or Enter, or press ? or * to list all spells.
You conjure some foxfire!
The foxfire hits the yak but does no damage.
The foxfire hits the yak.
The yak gores you!
You die...

Skill      XL: |  1  2  3  4  5  6 |
---------------+-------------------+-----
Spellcasting   | 3 4 |  4.0
Conjurations   | 2 3 4 |  4.1
Fire Magic     | 4 |  4.0
Dodging        | |  1.5
Stealth        | |  3.0

Action                   |  1- 3 |  4- 6 || total
-------------------------+-------+-------++-------
Melee: Unarmed           |     6 |       ||     6
       Dagger            |       |    24 ||    24
 Cast: Foxfire           |    87 |   108 ||   195
Invok: Channel Magic     |     1 |       ||     1
 Abil: Spit Poison       |     8 |     3 ||    11
  Use: Scroll            |       |     4 ||     4
       Potion            |       |     2 ||     2
 Stab: Sleeping          |       |     1 ||     1
Armor: Robe              |     1 |     7 ||     8
Dodge: Dodged            |     4 |    20 ||    24
Block: Buckler           |       |     4 ||     4

Levels and vault maps discovered:
D:1:      minmay_arrival_four_circles, layout_basic, basic_ecumenical_altar,
          hangedman_abyss_or_decor_lesser_grid, minmay_stone_trees_small,
          corner_web_ring, minmay_misc_feat_rows
D:2:      minmay_evil_eye, layout_basic, minmay_between
D:3:      layout_basic, uniq_sigmund
D:4:      layout_basic, cheibrodos_sewer_entry_bend

Notes
Turn   | Place    | Note
-------+----------+-------------------------------------------
     0 | D:1      | spaghetti the Naga Fire Elementalist began the quest for
                  | the Orb.
     0 | D:1      | Reached XP level 1. HP: 15/15 MP: 3/3
     0 | D:1      | magus.rc [v1.9.6]
    23 | D:1      | HP: 3/15 [hobgoblin (4)]
    51 | D:1      | Reached XP level 2. HP: 7/22 MP: 0/5
    59 | D:1      | HP: 5/22 [hobgoblin (3)]
   314 | D:1      | You pick up a book of Flames and begin reading...
   348 | D:1      | Found a faded altar of an unknown god.
   412 | D:1      | Prayed at the altar of an unknown god.
   412 | D:1      | Became a worshipper of Sif Muna the Loreminder
   412 | D:1      | Reached * piety under Sif Muna
   425 | D:1      | Reached skill level 3 in Spellcasting
   538 | D:1      | Reached XP level 3. HP: 16/28 MP: 7/7
  1774 | D:2      | Reached skill level 2 in Conjurations
  1774 | D:2      | Reached XP level 4. HP: 36/36 MP: 3/9
  2148 | D:2      | Reached ** piety under Sif Muna
  2459 | D:3      | Noticed Sigmund
  2486 | D:3      | Learned a level 3 spell: Conjure Flame
  2845 | D:3      | Killed Sigmund
  2846 | D:3      | Reached skill level 3 in Conjurations
  2846 | D:3      | Reached XP level 5. HP: 35/42 MP: 1/10
  2846 | D:3      | Reached XP level 6. HP: 41/49 MP: 1/11
  3031 | D:3      | Reached skill level 4 in Spellcasting
  3540 | D:3      | Reached skill level 4 in Conjurations
  3683 | D:3      | Reached skill level 4 in Fire Magic
  4233 | D:4      | Noticed a yak
  4249 | D:4      | HP: 4/49 [yak (11)]
  4250 | D:4      | Slain by a yak

Vanquished Creatures
  Sigmund (D:3)
  An iguana (D:4)
  4 adders
  2 worms
  4 dart slugs
  An orc (D:3)
  3 ball pythons
  8 bats
  12 endoplasms
  A giant cockroach (D:1)
  3 goblins
  10 hobgoblins
  4 quokkas
  4 frilled lizards
  3 kobolds (D:1)
  9 rats
70 creatures vanquished.

Vanquished Creatures (others)
  319 foxfires
319 creatures vanquished.

Grand Total: 389 creatures vanquished

Table legend:
 A = Non-vault XP
 B = Vault XP
 C = Vault XP percentage of total XP
 D = Non-vault monster count
 E = Vault monster count
 F = Vault count percentage of total count
                 A         B        C        D         E       F
            +---------+---------+-------+---------+---------+-------
      Total |     183 |     270 |  59.6 |      60 |      10 |  14.3
            +---------+---------+-------+---------+---------+-------
        D:1 |      46 |       0 |   0.0 |      28 |       0 |   0.0
        D:2 |      34 |      27 |  44.3 |      13 |       9 |  40.9
        D:3 |      59 |     243 |  80.5 |      16 |       1 |   5.9
        D:4 |      44 |       0 |   0.0 |       3 |       0 |   0.0
            +---------+---------+-------+---------+---------+-------

Illustrated notes

Table legend:
 A = Kills in this place as a percentage of kills in entire the game.
 B = Kills by you in this place as a percentage of kills by you in the entire game.
 C = Kills by friends in this place as a percentage of kills by friends in the entire game.
 D = Other kills in this place as a percentage of other kills in the entire game.
 E = Experience gained in this place as a percentage of experience gained in the entire game.
 F = Experience gained in this place divided by the number of levels of this place that you have seen.
                   A       B       C       D       E      F
               +-------+-------+-------+-------+-------+----------------------
         Total | 100.0 | 100.0 |   N/A |   N/A | 100.0 | 113.2
       Dungeon | 100.0 | 100.0 |   N/A |   N/A | 100.0 | 113.2
               +-------+-------+-------+-------+-------+----------------------

Table legend: (Time is in decaauts)
 A = Elapsed time spent in this place.
 B = Non-inter-level travel time spent in this place.
 C = Inter-level travel time spent in this place.
 D = Time resting spent in this place.
 E = Time spent auto-exploring this place.
 F = Levels seen in this place.
 G = Mean time per level.
                   A        B        C        D        E       F      G
               +--------+--------+--------+--------+--------+-----+--------+
         Total |   4981 |   4798 |    183 |    461 |   3797 |   4 | 1245.2 |
       Dungeon |   4981 |   4798 |    183 |    461 |   3797 |   4 | 1245.2 |
               +--------+--------+--------+--------+--------+-----+--------+

Top non-repeatable levels by time:
     D:3: 1942 daAuts
     D:2: 1518 daAuts
     D:1: 1330 daAuts
     D:4: 190 daAuts
